3L
CAPITAL DISTRICT RED KNIGHTS @ WIZARDING EXPRESS
06/02/2023
 
TOP OF THE 1ST
Capital District Red Knights batting - Pitching for Wizarding Express : RHP Roberto De La Cruz
Pitching: RHP Roberto De La Cruz
Batting: RHB Shawn Hicks 0-0: Called Strike
0-1: Ball
1-1: Fly out, F4 (Popup, 34)
Batting: LHB Arturo Hernández 0-0: Swinging Strike
0-1: Foul Ball, location: 2F
0-2: Foul Ball, location: 2F
0-2: Hit by Pitch
Batting: RHB Tom Christensen 0-0: Called Strike
Arturo Hernández steals 2nd base
0-1: Foul Ball, location: 2F
0-2: Ball
1-2: Strikes out looking
Batting: LHB Stan Lewis 0-0: Called Strike
0-1: Fly out, F9 (Flyball, 9M)
Top of the 1st over - 0 run(s), 0 hit(s), 0 error(s), 1 left on base; Capital District 0 - Wizarding 0
BOTTOM OF THE 1ST
Wizarding Express batting - Pitching for Capital District Red Knights : RHP Sexto Rodríguez
Pitching: RHP Sexto Rodríguez
Batting: LHB Nathan Tanner 0-0: SINGLE (Line Drive, 89S)
Batting: LHB Kyung-chor Pang 0-0: Ball
1-0: Ball
2-0: Grounds into double play, U4-3 (Groundball, 4)
Batting: RHB Rafael Arredondo 0-0: Ball
1-0: Ball
2-0: Ball
3-0: Called Strike
3-1: Base on Balls
Batting: RHB Cole Shaffer 0-0: Foul Ball, location: 2F
0-1: Ball
1-1: Ball
Rafael Arredondo is caught stealing 2nd base
Bottom of the 1st over - 0 run(s), 1 hit(s), 0 error(s), 0 left on base; Capital District 0 - Wizarding 0
TOP OF THE 2ND
Capital District Red Knights batting - Pitching for Wizarding Express : RHP Roberto De La Cruz
Batting: RHB Chang-bum Pak 0-0: Called Strike
0-1: Fly out, F2 (Popup, 2LF)
Batting: RHB Manny Carbajal 0-0: Ball
1-0: Ball
2-0: Called Strike
2-1: Ball
3-1: Foul Ball, location: 2F
3-2: Strikes out swinging
Batting: RHB Martin Young 0-0: Fly out, F9 (Popup, 9LS)
Top of the 2nd over - 0 run(s), 0 hit(s), 0 error(s), 0 left on base; Capital District 0 - Wizarding 0
BOTTOM OF THE 2ND
Wizarding Express batting - Pitching for Capital District Red Knights : RHP Sexto Rodríguez
Batting: RHB Cole Shaffer 0-0: DOUBLE (Line Drive, 5L)
Batting: SHB Eiji Suzuki 0-0: Ball
1-0: Foul Ball, location: 2F
1-1: Foul Ball, location: 2F
1-2: Foul Ball, location: 2F
1-2: Fly out, F8 (Flyball, 8LM)
Batting: RHB António Martínez 0-0: Ball
1-0: Fly out, F7 (Flyball, 78D)
Batting: RHB Michael Montgomery 0-0: Called Strike
0-1: Ball
1-1: DOUBLE (Groundball, 5L)
Cole Shaffer scores
Batting: LHB Rick Watson 0-0: Ball
1-0: 2-RUN HOME RUN (Line Drive, 89XD), Distance : 375 ft
Batting: RHB Nathan Clay 0-0: Foul Ball, location: 2F
0-1: Swinging Strike
0-2: Ball
1-2: Ball
2-2: SINGLE (Line Drive, 34)
Batting: LHB Nathan Tanner 0-0: Ball
1-0: Fly out, F5 (Popup, 5F)
Bottom of the 2nd over - 3 run(s), 4 hit(s), 0 error(s), 1 left on base; Capital District 0 - Wizarding 3
TOP OF THE 3RD
Capital District Red Knights batting - Pitching for Wizarding Express : RHP Roberto De La Cruz
Batting: SHB Joreão Canosa 0-0: Called Strike
0-1: Ball
1-1: Ball
2-1: Called Strike
2-2: Strikes out looking
Batting: RHB Gonzalo Núñez 0-0: Called Strike
0-1: Swinging Strike
0-2: Foul Ball, location: 2F
0-2: Strikes out swinging
Batting: RHB Shawn Hicks 0-0: Foul Ball, location: 2F
0-1: Foul Ball, location: 2F
0-2: Fly out, F9 (Flyball, 9S)
Top of the 3rd over - 0 run(s), 0 hit(s), 0 error(s), 0 left on base; Capital District 0 - Wizarding 3
BOTTOM OF THE 3RD
Wizarding Express batting - Pitching for Capital District Red Knights : RHP Sexto Rodríguez
Batting: LHB Kyung-chor Pang 0-0: Foul Ball, location: 2F
0-1: Foul Ball, location: 2F
0-2: Ball
1-2: Ball
2-2: Foul Ball, location: 2F
2-2: Ball
3-2: Strikes out swinging
Batting: RHB Rafael Arredondo 0-0: Fly out, F8 (Flyball, 8RM)
Batting: RHB Cole Shaffer 0-0: Ball
1-0: Fly out, F6 (Popup, 5D)
Bottom of the 3rd over - 0 run(s), 0 hit(s), 0 error(s), 0 left on base; Capital District 0 - Wizarding 3
TOP OF THE 4TH
Capital District Red Knights batting - Pitching for Wizarding Express : RHP Roberto De La Cruz
Batting: LHB Arturo Hernández 0-0: Called Strike
0-1: Called Strike
0-2: Foul Ball, location: 2F
0-2: Ball
1-2: Ball
2-2: Fly out, F9 (Flyball, 89M)
Batting: RHB Tom Christensen 0-0: Ball
1-0: Called Strike
1-1: Foul Ball, location: 2F
1-2: Ground out 6-3 (Groundball, 56)
Batting: LHB Stan Lewis 0-0: Ball
1-0: Ground out U3 (Groundball, 3L)
Top of the 4th over - 0 run(s), 0 hit(s), 0 error(s), 0 left on base; Capital District 0 - Wizarding 3
BOTTOM OF THE 4TH
Wizarding Express batting - Pitching for Capital District Red Knights : RHP Sexto Rodríguez
Batting: SHB Eiji Suzuki 0-0: Called Strike
0-1: Ball
1-1: Swinging Strike
1-2: Foul Ball, location: 2F
1-2: Fly out, F3 (Popup, 3S)
Batting: RHB António Martínez 0-0: Ball
1-0: Ball
2-0: Swinging Strike
2-1: Foul Ball, location: 2F
2-2: Fly out, F4 (Popup, 4)
Batting: RHB Michael Montgomery 0-0: Ball
1-0: Called Strike
1-1: Ground out U3 (Groundball, 3)
Bottom of the 4th over - 0 run(s), 0 hit(s), 0 error(s), 0 left on base; Capital District 0 - Wizarding 3
TOP OF THE 5TH
Capital District Red Knights batting - Pitching for Wizarding Express : RHP Roberto De La Cruz
Batting: RHB Chang-bum Pak 0-0: Ground out 6-3 (Groundball, 6)
Batting: RHB Manny Carbajal 0-0: SINGLE (Line Drive, 34)
Batting: RHB Martin Young 0-0: Ball
1-0: Ball
2-0: Ball
3-0: Called Strike
3-1: Called Strike
3-2: Base on Balls
Manny Carbajal to second
Batting: SHB Joreão Canosa 0-0: Fly out, F7 (Flyball, 7LS)
Batting: RHB Gonzalo Núñez 0-0: Called Strike
0-1: Ground out 4-3 (Groundball, 4)
Top of the 5th over - 0 run(s), 1 hit(s), 0 error(s), 2 left on base; Capital District 0 - Wizarding 3
BOTTOM OF THE 5TH
Wizarding Express batting - Pitching for Capital District Red Knights : RHP Sexto Rodríguez
Batting: LHB Rick Watson 0-0: Called Strike
0-1: Ball
1-1: Foul Ball, location: 2F
1-2: Foul Ball, location: 2F
1-2: Ball
2-2: Fly out, F9 (Flyball, 9M)
Batting: RHB Nathan Clay 0-0: Called Strike
0-1: Ball
1-1: Ball
2-1: Called Strike
2-2: Ground out 5-3 (Groundball, 56S)
Batting: LHB Nathan Tanner 0-0: Ball
1-0: SINGLE (Groundball, 34S)
Batting: LHB Kyung-chor Pang 0-0: Ball
1-0: Foul Ball, location: 2F
1-1: Foul Ball, location: 2F
1-2: Strikes out swinging
Bottom of the 5th over - 0 run(s), 1 hit(s), 0 error(s), 1 left on base; Capital District 0 - Wizarding 3
TOP OF THE 6TH
Capital District Red Knights batting - Pitching for Wizarding Express : RHP Roberto De La Cruz
Batting: RHB Shawn Hicks 0-0: Called Strike
0-1: Swinging Strike
0-2: Ball
1-2: Ground out 5-3 (Groundball, 5L)
Batting: LHB Arturo Hernández 0-0: Foul Ball, location: 2F
0-1: Swinging Strike
0-2: Strikes out swinging
Batting: RHB Tom Christensen 0-0: Called Strike
0-1: Foul Ball, location: 2F
0-2: Ball
1-2: Ball
2-2: Foul Ball, location: 2F
2-2: Strikes out looking
Top of the 6th over - 0 run(s), 0 hit(s), 0 error(s), 0 left on base; Capital District 0 - Wizarding 3
BOTTOM OF THE 6TH
Wizarding Express batting - Pitching for Capital District Red Knights : RHP Sexto Rodríguez
Batting: RHB Rafael Arredondo 0-0: Called Strike
0-1: Foul Ball, location: 2F
0-2: Ball
1-2: Fly out, F6 (Popup, 5F)
Batting: RHB Cole Shaffer 0-0: Ball
1-0: Called Strike
1-1: SOLO HOME RUN (Line Drive, 78XD), Distance : 387 ft
Batting: SHB Eiji Suzuki 0-0: Ball
1-0: SINGLE (Line Drive, 9LM)
Batting: RHB António Martínez 0-0: Ball
1-0: Grounds into double play, 5-4-3 (Groundball, 5)
Bottom of the 6th over - 1 run(s), 2 hit(s), 0 error(s), 0 left on base; Capital District 0 - Wizarding 4
TOP OF THE 7TH
Capital District Red Knights batting - Pitching for Wizarding Express : RHP Roberto De La Cruz
Batting: LHB Stan Lewis 0-0: Foul Ball, location: 2F
0-1: Foul Ball, location: 2F
Reached via error on a dropped throw, E1
Batting: RHB Chang-bum Pak 0-0: Ball
1-0: Swinging Strike
1-1: Ball
2-1: Ball
3-1: Called Strike
3-2: Strikes out looking
Batting: RHB Manny Carbajal 0-0: Called Strike
0-1: Ball
1-1: Ball
2-1: Ball
3-1: Base on Balls
Stan Lewis to second
Batting: RHB Martin Young 0-0: Ball
1-0: Foul Ball, location: 2F
1-1: Swinging Strike
1-2: Strikes out swinging
Batting: SHB Joreão Canosa 0-0: Ball
1-0: Ball
2-0: Swinging Strike
2-1: Ball
3-1: Foul Ball, location: 2F
3-2: SINGLE (Flyball, 9LM)
Stan Lewis to third
Manny Carbajal to second
Stan Lewis scores
Manny Carbajal to third
Batting: RHB Gonzalo Núñez 0-0: Ball
1-0: Ball
2-0: Foul Ball, location: 2F
2-1: Called Strike
2-2: Strikes out looking
Top of the 7th over - 1 run(s), 1 hit(s), 1 error(s), 2 left on base; Capital District 1 - Wizarding 4
BOTTOM OF THE 7TH
Wizarding Express batting - Pitching for Capital District Red Knights : RHP Sexto Rodríguez
Batting: RHB Michael Montgomery 0-0: Fly out, F7 (Flyball, 78M)
Batting: LHB Rick Watson 0-0: Ball
1-0: Foul Ball, location: 2F
1-1: Swinging Strike
1-2: Ball
2-2: Foul Ball, location: 2F
2-2: Ball
3-2: Fly out, F7 (Flyball, 7M)
Batting: RHB Nathan Clay 0-0: Ground out 6-3 (Groundball, 4MS)
Bottom of the 7th over - 0 run(s), 0 hit(s), 0 error(s), 0 left on base; Capital District 1 - Wizarding 4
TOP OF THE 8TH
Capital District Red Knights batting - Pitching for Wizarding Express : RHP Roberto De La Cruz
Batting: RHB Shawn Hicks 0-0: Ball
1-0: Ground out 4-3 (Groundball, 4)
Batting: LHB Arturo Hernández 0-0: Ball
1-0: SINGLE (Groundball, 34D)
Batting: RHB Tom Christensen 0-0: Ball
1-0: Ball
2-0: Called Strike
2-1: Ball
3-1: Called Strike
3-2: Base on Balls
Arturo Hernández to second
Batting: LHB Stan Lewis 0-0: Ball
1-0: Ball
2-0: Called Strike
2-1: Ball
3-1: Hit by Pitch
Arturo Hernández to third
Tom Christensen to second
Pitching: RHP Enrico Reséndez
Batting: RHB Chang-bum Pak 0-0: Called Strike
0-1: Ball
1-1: DOUBLE (Line Drive, 5D)
Arturo Hernández scores
Tom Christensen scores
Stan Lewis to third
Pitching: RHP Jackson Haines
Pinch Hitting: RHB Barry Dempsey 0-0: Ball
1-0: Ball
2-0: Ball
3-0: Called Strike
3-1: SINGLE (Groundball, 6D)
Stan Lewis scores
Chang-bum Pak to third
Runner from 3rd tries for Home, SAFE, throw made home
Pinch Hitting: LHB Leonardo López 0-0: Ball
1-0: Foul Ball, location: 2F
1-1: Foul Ball, location: 2F
1-2: Ground out U3 (Groundball, 3S)
Barry Dempsey to second
Batting: SHB Joreão Canosa 0-0: Ball
1-0: Called Strike
1-1: Called Strike
1-2: Ball
2-2: Ground out U3 (Groundball, 3)
Top of the 8th over - 4 run(s), 3 hit(s), 0 error(s), 1 left on base; Capital District 5 - Wizarding 4
BOTTOM OF THE 8TH
Wizarding Express batting - Pitching for Capital District Red Knights : RHP Sexto Rodríguez
Now at 2B: Mark Field
Now in RF: Leonardo López
Batting: LHB Nathan Tanner 0-0: Ball
1-0: Ball
2-0: Ball
3-0: Called Strike
3-1: Swinging Strike
3-2: Foul Ball, location: 2F
3-2: Base on Balls
Pitching: RHP Reynaldo Díaz
Batting: LHB Kyung-chor Pang 0-0: Ball
1-0: Ball
Nathan Tanner is caught stealing 2nd base
2-0: Ground out 3-1 (Groundball, 3L)
Pitching: RHP César Rivera
Batting: RHB Rafael Arredondo 0-0: Called Strike
0-1: Swinging Strike
0-2: Ball
1-2: Strikes out swinging
Bottom of the 8th over - 0 run(s), 0 hit(s), 0 error(s), 0 left on base; Capital District 5 - Wizarding 4
TOP OF THE 9TH
Capital District Red Knights batting - Pitching for Wizarding Express : RHP Jackson Haines
Batting: RHB Gonzalo Núñez 0-0: Ball
1-0: Swinging Strike
1-1: Swinging Strike
1-2: Strikes out swinging
Batting: RHB Shawn Hicks 0-0: Called Strike
0-1: Ball
1-1: SINGLE (Groundball, 56D)
Batting: LHB Arturo Hernández 0-0: Ball
1-0: Called Strike
1-1: Foul Ball, location: 2F
1-2: Ball
Shawn Hicks steals 2nd base
2-2: Ball
3-2: Foul Ball, location: 2F
3-2: Base on Balls
Batting: RHB Tom Christensen 0-0: Ball
Shawn Hicks is caught stealing 3rd base
Arturo Hernández to second
1-0: Ball
2-0: Fly out, F1 (Popup, 13S)
Top of the 9th over - 0 run(s), 1 hit(s), 0 error(s), 1 left on base; Capital District 5 - Wizarding 4
BOTTOM OF THE 9TH
Wizarding Express batting - Pitching for Capital District Red Knights : RHP César Rivera
Pitching: RHP Marlon Miller
Now at C: Jason Weston
Batting: RHB Cole Shaffer 0-0: Called Strike
0-1: Ground out 4-3 (Groundball, 4S)
Batting: SHB Eiji Suzuki 0-0: Ball
1-0: Foul Ball, location: 2F
1-1: Called Strike
1-2: Fly out, F7 (Flyball, 78D)
Batting: RHB António Martínez 0-0: Foul Ball, location: 2F
0-1: Foul Ball, location: 2F
0-2: Ground out U3 (Groundball, 3)
Bottom of the 9th over - 0 run(s), 0 hit(s), 0 error(s), 0 left on base; Capital District 5 - Wizarding 4
This league is powered by Out of the Park Baseball, the baseball management simulation game for PC, Mac and Linux
Friday, July 8th, 2016 - OOTP Baseball 16.9 Build 39